 Dungeon Crawl Stone Soup version 0.26-a0-651-gb41185065b (webtiles) character file.

Game seed: 5057977998710375861

5862 KennyOmg the Severer (level 10, -12/96 HPs)
             Began as a Minotaur Berserker on Sept 30, 2020.
             Was a High Priest of Trog.
             Mangled by a skeletal warrior
             ... wielding a +0 dire flail
              (20 damage)
             ... on level 15 of the Dungeon.
             The game lasted 00:15:09 (8295 turns).

KennyOmg the Severer (Minotaur Berserker)           Turns: 8295, Time: 00:15:10

Health: -12/96     AC: 17    Str: 23    XL:     10   Next: 52%
Magic:  9/9        EV:  7    Int:  6    God:    Trog [*****.]
Gold:   267        SH:  5    Dex: 10    Spells: 9/9 levels left

rFire    . . .     SeeInvis .   k - +0 war axe (vorpal)
rCold    . . .     Faith    .   (no shield)
rNeg     . . .     Spirit   .   z - +0 plate armour (curse)
rPois    .         Reflect  +   C - +2 hat
rElec    .         Harm     .   i - +0 cloak
rCorr    .         Rampage  .   q - +1 pair of gloves {archery}
MR       .....                  p - +0 pair of boots
Stlth    ..........             l - amulet of reflection
HPRegen  0.26/turn              (no ring)
MPRegen  0.11/turn              (no ring)

@: about to teleport, vulnerable
A: retaliatory headbutt, horns 2
a: Berserk, Trog's Hand, Brothers in Arms, Renounce Religion


You were on level 15 of the Dungeon.
You worshipped Trog.
Trog was extremely pleased with you.
You visited 1 branch of the dungeon, and saw 12 of its levels.
You also visited: Ossuary.

You collected 332 gold pieces.
You spent 65 gold pieces at shops.

Inventory:

Hand Weapons
 k - a +0 vorpal war axe (weapon)
   (You took it off an orc on level 5 of the Dungeon)
Missiles
 A - 34 poisoned darts (quivered)
Armour
 i - a +0 cloak (worn)
   (You found it on level 1 of the Dungeon)
 p - a +0 pair of boots (worn)
   (You found it on level 2 of the Dungeon)
 q - a +1 pair of gloves of archery (worn)
   (You found it on level 2 of the Dungeon)
 z - a cursed +0 plate armour (worn)
   (You took it off an orc warrior on level 7 of the Dungeon)
 C - a +2 hat (worn)
   (You found it on level 6 of the Dungeon)
Jewellery
 l - an amulet of reflection (around neck)
   (You found it on level 4 of the Dungeon)
Wands
 t - a wand of flame (26)
   (You found it in an ossuary)
 w - a wand of polymorph (4)
   (You took it off Dowan on level 5 of the Dungeon)
 x - a wand of acid (14)
   (You found it on level 8 of the Dungeon)
Scrolls
 d - 4 scrolls of teleportation {@r4}
 e - 3 scrolls of noise {!r}
 f - 3 scrolls of remove curse {@r2}
 h - 2 scrolls of immolation {!r}
 j - 3 scrolls of random uselessness
 y - a scroll of silence {unknown}
 G - a scroll of enchant weapon {unknown}
 J - a scroll of blinking {unknown}
Potions
 a - 2 potions of brilliance
 b - a potion of lignification {unknown}
 c - 4 potions of curing {@q1}
 m - a potion of ambrosia
 n - 4 potions of heal wounds {@q2}
 o - 5 potions of flight
 r - a potion of stabbing
 s - a potion of haste {@q3}
 v - a potion of might
 B - a potion of berserk rage {unknown}
 D - 2 potions of invisibility
 H - 2 potions of mutation {!q}
 I - a potion of cancellation {unknown}


   Skills:
 + Level 11.4 Fighting
 * Level 15.0 Axes
 - Level 2.4 Armour
 - Level 2.1 Dodging


You had 9 spell levels left.
You didn't know any spells.
Your spell library was empty.

Dungeon Overview and Level Annotations

Branches:
Dungeon (15/15)            Temple (0/1) D:5          Depths (0/5) D:15
Ossuary (visited)
   Lair: D:8-11         Orc: D:9-12      Vaults: D:13-14

Altars:
Ashenzari
Cheibriados
Gozag
Makhleb
Ru
Trog
Uskayaw
Vehumet
Zin
The Shining One

Shops:
D:4 ?   D:7 [}   D:8 (*}?}


Innate Abilities, Weirdness & Mutations

You reflexively headbutt those who attack you in melee.
You have a pair of horns on your head.


Message History

You see here an arrow.
You block the skeletal warrior's attack.
The centaur shoots an arrow.
The arrow barely misses you.
The skeletal warrior hits you with a +0 dire flail!
Why would you want to do that?
As you read the scroll labeled AHAIRO SISIDI, it crumbles to dust.
You hear a loud clanging noise!
It was a scroll of noise.
You hear a shout! x8; You hear a horrible gurgling sound! x2
As you read the scroll labeled BEMIUL SIMMI, it crumbles to dust.
The dust glows bright cobalt blue!
It was a scroll of random uselessness.
The skeletal warrior hits you but does no damage.
As you read the scroll labeled TEOLE BAUSHRA, it crumbles to dust.
The creatures around you are filled with an inner flame!
It was a scroll of immolation.
The skeletal warrior hits you with a +0 dire flail!
* * * LOW HITPOINT WARNING * * *
The skeletal warrior hits you from afar with a +0 trident!
* * * LOW HITPOINT WARNING * * *
As you read the scroll labeled ZUNKIO HIMP, it crumbles to dust.
You feel strangely unstable.
It was a scroll of teleportation.
The skeletal warrior completely misses you.
You furiously retaliate!
You headbutt the skeletal warrior.
Flame seeps out of the skeletal warrior.
The phantasmal warrior blinks!
The skeletal warrior hits you but does no damage.
As you read the scroll labeled AXO XOOMOB, it crumbles to dust.
You feel aware of your surroundings.
It was a scroll of magic mapping.
The phantasmal warrior hits you!
* * * LOW HITPOINT WARNING * * *
Your magical defenses are stripped away!
The skeletal warrior is engulfed in blazing flames.
Flame seeps out of the skeletal warrior.
You block the skeletal warrior's attack.
The skeletal warrior hits you from afar with a +0 trident!
* * * LOW HITPOINT WARNING * * *
As you read the scroll labeled DYCAET WOTHE, it crumbles to dust.
You assume a fearsome visage.
The skeletal warrior is unaffected.
The fire dragon skeleton is unaffected.
The skeletal warrior is unaffected.
The spriggan berserker zombie is unaffected.
The phantasmal warrior is unaffected.
The tengu reaver zombie is unaffected.
It was a scroll of fear.
The phantasmal warrior hits you!
* * * LOW HITPOINT WARNING * * *
The skeletal warrior is engulfed in blazing flames.
Flame seeps out of the skeletal warrior.
The skeletal warrior hits you with a +0 dire flail!!
You die...

##### ****#####.W.###
******,,,....≈≈≈@zZ#
,,,,,,,,,.###≈.≈##z##
,*,,,,,**,*
#≈.≈#<.Z###
,*,******,*
#≈.≈....Z§# **,* *,*
#..##..Z#.# *,* *,*
#.#*##.##.## **,* *,*
#.***#c##.W## ,,,*
*,* #.,,,..##Z..#####
**** *,*
*,,*###.......P.#*


You could see 2 skeletal warriors, a phantasmal warrior (inner flame), a
spriggan berserker zombie (inner flame), a tengu reaver zombie and a fire dragon
skeleton (inner flame).

Vanquished Creatures
  2 two-headed ogres (D:8)
  Pikel (D:7)
  A hippogriff (D:8)
  Sigmund (D:6)
  Eustachio (D:5)
  Edmund (D:5)
  A water moccasin (D:8)
  Duvessa (D:5)
  An ice beast (D:5)
  2 orc warriors
  2 sky beasts
  A phantom (D:8)
  3 ogres
  A centaur (D:7)
  A big kobold (D:6)
  Blork the orc (D:6)
  An elf zombie (Ossuary)
  3 bullfrogs
  Dowan (D:5)
  A scorpion (D:4)
  9 wights (D:8)
  7 howler monkeys (D:7)
  3 jellies (D:8)
  3 centaur zombies (Ossuary)
  A human zombie (Ossuary)
  A gnoll shaman (D:8)
  3 hounds
  Crazy Yiuf (D:7)
  4 orc priests
  5 orc wizards
  4 worker ants
  2 big kobold zombies (Ossuary)
  3 hound skeletons
  2 mummies (Ossuary)
  2 worker ant zombies
  12 gnolls
  9 adders
  2 white imps
  2 ufetubi
  An ooze (D:3)
  An adder zombie (Ossuary)
  An adder skeleton (D:8)
  4 worms
  2 dart slugs (D:1)
  8 leopard geckos
  28 orcs
  3 ball pythons (D:2)
  7 giant cockroaches
  9 goblins
  6 hobgoblins
  9 jackals
  3 quokkas
  12 bats
  4 frilled lizards
  A goblin zombie (Ossuary)
  10 hobgoblin zombies (Ossuary)
  29 kobolds
  11 kobold zombies (Ossuary)
  A leopard gecko skeleton (D:5)
  6 orc zombies (Ossuary)
  A quokka skeleton (D:4)
  7 rats
  A rat zombie (Ossuary)
267 creatures vanquished.

Vanquished Creatures (collateral kills)
  A scorpion (D:7)
  A howler monkey (D:7)
  An orc priest (D:7)
  2 orcs (D:7)
5 creatures vanquished.

Vanquished Creatures (others)
  8 plants (D:6)
  A withered plant (D:15)
9 creatures vanquished.

Grand Total: 281 creatures vanquished

Notes
Turn   | Place    | Note
-------+----------+-------------------------------------------
     0 | D:1      | KennyOmg the Minotaur Berserker began the quest for the
                  | Orb.
     0 | D:1      | Reached XP level 1. HP: 19/19 MP: 0/0
    51 | D:1      | Reached skill level 4 in Axes
   165 | D:1      | Reached XP level 2. HP: 10/27 MP: 1/1
   947 | D:1      | Reached XP level 3. HP: 33/33 MP: 2/2
  1008 | D:1      | Reached ** piety under Trog
  1329 | D:2      | Reached skill level 5 in Axes
  1392 | D:2      | Found a radiant altar of Vehumet.
  1662 | D:2      | Reached XP level 4. HP: 32/41 MP: 3/3
  1724 | D:2      | Found a hide-covered altar of Uskayaw.
  2300 | D:3      | Found an opulent altar of Gozag.
  2353 | D:3      | Reached skill level 6 in Axes
  2353 | D:3      | Reached XP level 5. HP: 46/47 MP: 4/4
  2357 | D:3      | Reached *** piety under Trog
  2357 | D:3      | Reached skill level 5 in Fighting
  2716 | D:4      | Found Juretregg's Magic Scroll Shoppe.
  2725 | D:4      | Bought a scroll of remove curse for 39 gold pieces
  2725 | D:4      | Bought a scroll of identify for 26 gold pieces
  2857 | D:4      | Noticed an ogre
  2868 | D:4      | Killed an ogre
  2868 | D:4      | Reached skill level 7 in Axes
  2868 | D:4      | Reached XP level 6. HP: 36/56 MP: 5/5
  3095 | D:4      | Found a snail-covered altar of Cheibriados.
  3696 | D:5      | Entered Level 5 of the Dungeon
  3700 | D:5      | Noticed an ice beast
  3714 | D:5      | Killed an ice beast
  3714 | D:5      | Reached skill level 8 in Axes
  3717 | D:5      | Reached XP level 7. HP: 56/63 MP: 6/6
  3771 | D:5      | Noticed Edmund
  3784 | D:5      | Killed Edmund
  3950 | D:5      | Found a sacrificial altar of Ru.
  3950 | D:5      | Noticed Duvessa
  3950 | D:5      | Noticed Dowan
  3967 | D:5      | Killed Duvessa
  3967 | D:5      | Reached skill level 9 in Axes
  3967 | D:5      | Killed Dowan
  4147 | D:5      | Found a staircase to the Ecumenical Temple.
  4455 | D:5      | Noticed Eustachio
  4464 | D:5      | Killed Eustachio
  4464 | D:5      | Reached **** piety under Trog
  4519 | D:5      | Reached XP level 8. HP: 73/73 MP: 7/7
  4612 | D:5      | Found a burning altar of Makhleb.
  4854 | D:6      | Reached skill level 10 in Axes
  4856 | D:6      | Noticed Blork the orc
  4875 | D:6      | Killed Blork the orc
  5060 | D:6      | Noticed Sigmund
  5065 | D:6      | Killed Sigmund
  5077 | D:6      | Reached skill level 11 in Axes
  5353 | D:6      | You fall into a shaft and drop 1 floor!
  5361 | D:7      | Noticed Pikel
  5370 | D:7      | Reached XP level 9. HP: 82/82 MP: 8/8
  5371 | D:7      | Killed Pikel
  5371 | D:7      | Reached skill level 12 in Axes
  5439 | D:7      | Found a snail-covered altar of Cheibriados.
  5441 | D:7      | Found Cheibriados's Comfort Zone.
  5734 | D:6      | Reached ***** piety under Trog
  5775 | D:6      | Found a glowing golden altar of the Shining One.
  6537 | D:7      | Found Maly's Gadget Boutique.
  6649 | D:7      | Found a broken altar of Ashenzari.
  6759 | D:7      | Found a glowing silver altar of Zin.
  6765 | D:7      | Identified the +1 robe of Youthful Indiscretion {rPois rC-
                  | Int+7 SInv}
  6811 | D:7      | Found a runed translucent door.
  6812 | D:7      | Noticed Crazy Yiuf
  6819 | D:7      | Killed Crazy Yiuf
  6819 | D:7      | Reached skill level 13 in Axes
  6926 | D:7      | Found a burning altar of Makhleb.
  6996 | D:8      | Found Mutzey's Weapon Emporium.
  7001 | D:8      | Noticed a two-headed ogre
  7008 | D:8      | Killed a two-headed ogre
  7008 | D:8      | Reached skill level 10 in Fighting
  7070 | D:8      | Found Uvempewn's Gadget Emporium.
  7070 | D:8      | Found Gestes's Magic Scroll Emporium.
  7074 | D:8      | Found Caoqu's General Store.
  7126 | D:8      | Reached XP level 10. HP: 52/94 MP: 9/9
  7407 | D:8      | Noticed a two-headed ogre
  7415 | D:8      | Killed a two-headed ogre
  7415 | D:8      | Reached skill level 14 in Axes
  7488 | D:8      | Found Tiaweotho's Gadget Boutique.
  7596 | D:8      | Found a sand-covered staircase.
  7600 | Ossuary  | Entered an ossuary
  8152 | D:8      | Reached skill level 15 in Axes
  8159 | D:8      | Found a bloodstained altar of Trog.
  8260 | D:8      | You fall into a shaft and drop 3 floors!
  8273 | D:11     | You fall into a shaft and drop 1 floor!
  8273 | D:12     | Noticed a cyclops
  8274 | D:12     | You fall into a shaft and drop 3 floors!
  8274 | D:15     | Entered Level 15 of the Dungeon
  8274 | D:15     | Found a staircase to the Depths.
  8275 | D:15     | Noticed a skeletal warrior
  8275 | D:15     | Noticed a skeletal warrior
  8275 | D:15     | Noticed a phantasmal warrior
  8284 | D:14     | Noticed a tengu warrior
  8284 | D:14     | Noticed an orc knight
  8295 | D:15     | Mangled by a skeletal warrior

Illustrated notes

Levels and vault maps discovered:
D:1:      onia_arrival_mini_spirals, layout_loops_ring, grunt_decor_arrowhead
D:2:      layout_loops_ring, eat_drink_and_be_merry_uskayaw, marbit_many_paths,
          kennysheep_generic_room_10
D:3:      layout_loops_ring, nicolae_overflow_hidden_temple
D:4:      layout_cave_pods, serial_shops, shop, cheibriados_altar_1
D:5:      layout_cave_pods, kennysheep_mini_moat, lemuel_coloured_pillars_altar,
          minmay_temple_entry_large_hall, uniq_eustachio, uniq_duvessa,
          uniq_edmund
D:6:      kennysheep_kobold_camp, layout_basic, nicolae_tso_carved_into_rock,
          uniq_blork_the_orc, uniq_sigmund
D:7:      layout_basic, lemuel_doored_altar, serial_shops,
          nicolae_shop_statue_plus, basic_altar, minmay_shop_chei, st_stairs_7,
          lemuel_statue_altar, uniq_pikel, uniq_crazy_yiuf_cottage
D:8:      layout_gridville, bloody_trog, enter_ossuary_5, serial_shops, shop,
          minmay_shop_grid_forest
D:11:     layout_big_octagon, enter_bailey_3, uniq_fannar
D:12:     layout_loops_ring, uniq_sonja
D:14:     layout_rooms, minmay_misc_feat_roman, basic_altar
D:15:     gammafunk_depths_entry_grave, layout_loops_ring,
          chequers_serial_rivers_micro_d,
          ploomutoo_gammafunk_ghost_potion_laboratory

Skill      XL: |  1  2  3  4  5  6  7  8  9 10 |
---------------+-------------------------------+-----
Axes           | 4 5 6 7 8 9 11 13 15 | 15.0
Fighting       | 4 5 6 7 8 10 11 | 11.4
Armour         | |  2.4
Dodging        | |  2.1

Action                   |  1- 3 |  4- 6 |  7- 9 | 10-12 || total
-------------------------+-------+-------+-------+-------++-------
Melee: Hand axe          |   110 |   151 |    14 |       ||   275
       Headbutt          |    13 |    32 |    23 |    32 ||   100
       War axe           |       |       |   157 |   167 ||   324
Invok: Berserk           |       |       |     5 |     2 ||     7
       Brothers in Arms  |       |       |     1 |       ||     1
  Use: Scroll            |       |     5 |       |    12 ||    17
Armor: Animal skin       |     5 |       |       |       ||     5
       Chain mail        |    51 |    95 |    52 |       ||   198
       Skin              |       |       |    10 |       ||    10
       Plate armour      |       |       |    42 |    64 ||   106
Dodge: Dodged            |    55 |    58 |    54 |    29 ||   196
Block: Other             |       |     3 |    30 |    23 ||    56
       Reflection        |       |       |     5 |       ||     5

Table legend: (Time is in decaauts)
 A = Elapsed time spent in this place.
 B = Non-inter-level travel time spent in this place.
 C = Inter-level travel time spent in this place.
 D = Time resting spent in this place.
 E = Time spent auto-exploring this place.
 F = Levels seen in this place.
 G = Mean time per level.
                   A        B        C        D        E       F      G
               +--------+--------+--------+--------+--------+-----+--------+
         Total |   8308 |   8078 |    230 |   1141 |   5364 |  13 |  639.1 |
       Dungeon |   8017 |   7787 |    230 |   1141 |   5180 |  12 |  668.1 |
       Ossuary |    290 |    290 |      0 |      0 |    184 |   1 |  290.0 |
               +--------+--------+--------+--------+--------+-----+--------+

Top non-repeatable levels by time:
     D:6: 1613 daAuts
     D:1: 1207 daAuts
     D:5: 1053 daAuts
     D:4: 977 daAuts
     D:8: 967 daAuts
     D:2: 802 daAuts
     D:3: 712 daAuts
     D:7: 649 daAuts
 Ossuary: 290 daAuts
    D:15: 19 daAuts
    D:11: 12 daAuts
    D:14: 1 daAuts
    D:12: 0 daAuts
